Map: [ESL] Alcyone

Players

Future - Winner!

  • Race: Terran Terran
  • Spawn Location: 7:00

Maplez

  • Race: Protoss Protoss
  • Spawn Location: 1:00

Event: ESL SC2 Masters 2023 Winter (Finals)

VOD

Have the link to the VOD?

Description

Time

  • Played on: Dec. 15, 2023, 3:40 p.m.
  • Length: 8:06

All games in this series

Show
View Real Time Build Order
Export as new Build Order

Future Terran - Winner!

Build Orders:  

Get SALT Encoding   

  12  0:00  SCV  
  13  0:12  SCV  
  14  0:17  Supply Depot  
  14  0:24  SCV  
  15  0:39  Barracks, SCV  
  16  0:43  Refinery  
  16  0:51  SCV  
  17  0:57  Refinery  
  17  1:03  SCV  
  18  1:15  SCV  
  19  1:27  Orbital Command, Reaper  
  20  1:33  Supply Depot  
  20  1:45  Factory  
  20  1:52  SCV  
  21  1:59  Reaper  
  22  2:04  Bunker, SCV  
  23  2:16  SCV  
  24  2:25  Command Center  
  26  2:30  Hellion, SCV  
  27  2:38  Barracks Reactor  
  27  2:41  Starport  
  27  2:45  SCV  
  28  2:52  Supply Depot  
  28  2:57  SCV  
  29  3:03  Cyclone  
  31  3:14  SCV  
  31  3:15  Marine x2  
  34  3:24  Viking  
  34  3:26  SCV  
  35  3:36  Marine x2  
  35  3:37  Cyclone  
  35  3:38  SCV  
  38  3:51  SCV  
  38  3:54  Marine x2  
  41  3:56  Medivac  
  41  4:01  Orbital Command  
  43  4:03  SCV  
  44  4:10  Factory Tech Lab  
  44  4:12  Supply Depot  
  44  4:13  Marine x2  
  44  4:17  SCV  
  47  4:27  SCV  
  47  4:28  Starport Tech Lab  
  47  4:29  SCV  
  47  4:30  Siege Tank, Marine  
  47  4:31  Marine  
  54  4:36  Barracks  
  54  4:39  SCV  
  54  4:41  SCV  
  54  4:43  Supply Depot  
  56  4:48  Marine x2  
  56  4:51  SCV  
  59  4:53  SCV  
  59  4:56  Barracks  
  60  5:02  Engineering Bay  
  60  5:03  SCV  
  60  5:05  SCV  
  62  5:07  Marine x2  
  62  5:12  Siege Tank  
  67  5:19  SCV  
  67  5:22  SCV  
  67  5:24  Supply Depot  
  67  5:27  Refinery  
  68  5:31  SCV  
  68  5:34  SCV  
  70  5:35  Terran Infantry Weapons Level 1  
  70  5:37  Stimpack  
  70  5:38  Starport Reactor  
  70  5:41  Supply Depot  
  70  5:45  SCV, Marine x3  
  70  5:46  SCV  
  70  5:47  Supply Depot  
  75  5:52  Factory Reactor  
  75  5:53  Refinery  
  75  5:55  Combat Shield  
  75  5:58  SCV x2  
  75  6:03  Marine x2  
  79  6:05  Supply Depot  
  79  6:06  Marauder x2  
  79  6:10  Supply Depot  
  83  6:15  Missile Turret  
  83  6:22  Marine  
  83  6:23  Marine  
  83  6:25  Medivac x2  
  88  6:28  Marauder  
  90  6:33  Marauder  
  90  6:35  Supply Depot  
  90  6:37  Supply Depot  
  94  6:40  Widow Mine x2  
  94  6:42  Marine  
  97  6:49  Marauder  
  97  6:51  Supply Depot  
  99  6:55  Marauder  
  99  6:56  Medivac x2  
  99  7:00  Marine  
  99  7:01  Widow Mine x2, Marine  
  111  7:10  Marine  
  112  7:15  Marine  
  112  7:17  Concussive Shells  
  112  7:18  Marine  
  112  7:19  Marine  
  112  7:20  Supply Depot  
  115  7:26  Viking x2  
  117  7:50  Barracks  
  115  7:51  Barracks  
Show
View Real Time Build Order
Export as new Build Order

Maplez Protoss 

Build Orders: 1 Gate Expand, Phoenix Opening 

Get SALT Encoding   

  12  0:00  Probe  
  13  0:12  Probe  
  14  0:17  Pylon  
  14  0:24  Probe (Chrono Boost)  
  16  0:36  Gateway  
  16  0:37  Probe (Chrono Boost)  
  16  0:41  Probe (Chrono Boost)  
  16  0:46  Assimilator  
  17  0:52  Probe  
  18  1:04  Probe  
  19  1:16  Probe  
  20  1:24  Cybernetics Core  
  22  1:34  Nexus  
  20  1:42  Pylon  
  20  1:49  Assimilator  
  20  1:50  Probe  
  21  2:00  Adept (Chrono Boost)  
  21  2:04  Probe  
  23  2:17  Stargate  
  23  2:20  Probe  
  23  2:21  Adept (Chrono Boost)  
  26  2:31  Warp Gate  
  26  2:32  Probe  
  27  2:43  Adept  
  29  2:46  Probe (Chrono Boost)  
  29  2:49  Probe (Chrono Boost)  
  31  2:56  Probe (Chrono Boost)  
  32  3:05  Probe  
  33  3:06  Phoenix (Chrono Boost)  
  33  3:08  Probe  
  33  3:11  Shield Battery  
  36  3:20  Probe  
  36  3:23  Probe  
  37  3:28  Phoenix  
  37  3:32  Probe  
  38  3:35  Probe  
  38  3:44  Probe  
  38  3:47  Probe  
  40  3:53  Assimilator x2  
  40  3:54  Pylon  
  40  3:57  Probe  
  40  4:02  Phoenix (Chrono Boost)  
  43  4:05  Probe  
  43  4:09  Probe  
  45  4:13  Robotics Facility  
  45  4:21  Probe  
  45  4:23  Stalker  
  49  4:27  Phoenix  
  49  4:29  Probe  
  51  4:33  Probe  
  51  4:37  Pylon  
  52  4:44  Gateway  
  52  4:47  Probe  
  52  4:48  Probe  
  54  4:56  Phoenix (Chrono Boost)  
  56  5:05  Stalker  
  56  5:06  Observer (Chrono Boost)  
  59  5:09  Pylon  
  59  5:18  Pylon  
  57  5:22  Pylon  
  61  5:28  Immortal (Chrono Boost)  
  61  5:30  Probe  
  62  5:36  Probe, Robotics Bay  
  63  5:43  Probe  
  63  5:46  Phoenix  
  66  5:51  Probe  
  66  5:56  Probe  
  68  5:59  Pylon  
  68  6:11  Phoenix  
  69  6:26  Nexus  
  69  6:29  Colossus (Chrono Boost)  
  67  6:36  Phoenix  
  67  6:38  Probe x2  
  77  6:43  Shield Battery  
  77  6:45  Shield Battery  
  77  6:50  Probe  
  78  7:00  Shield Battery, Probe  
  77  7:01  Phoenix  
  77  7:04  Twilight Council  
  77  7:06  Forge  
  77  7:08  Probe  
  80  7:12  Probe  
  81  7:20  Probe  
  82  7:28  Pylon  
  82  7:30  Sentry x2  
  82  7:31  Pylon  
  86  7:43  Shield Battery  
  87  7:53  Probe  
  87  7:56  Gateway  
  80  8:00  Gateway x2  
  80  8:04  Gateway  
Tags
 
Add a new tag
Caveats
  • Supply blocks, unpowered buildings, or Contaminate may cause inaccurate times.
  • Supply counts are checked every 10 seconds.